TOP OF THE 1ST |
Memphis Redbirds batting - Pitching for Louisville Bats : RHP Gary King
|
Pitching: RHP Gary King
|
|
Batting: RHB Tommy Baird
|
0-0: Ball 1-0: Ball 2-0: Called Strike 2-1: Ball 3-1: SINGLE (Groundball, 6MD, EV 94.4 MPH)
|
Batting: RHB Danny Gallo
|
0-0: Ball Tommy Baird steals 2nd base 1-0: Ball 2-0: Ball 3-0: Called Strike 3-1: Base on Balls
|
Batting: LHB Billy Guzman
|
0-0: Foul Ball, location: 2F 0-1: Foul Ball, location: 2F 0-2: Fielders Choice at 2nd, 6-4 (Groundball, 6, EV 90.6 MPH) Tommy Baird to third
|
Batting: LHB Johan de Vries
|
0-0: SINGLE (Groundball, 4M, EV 102.5 MPH) Tommy Baird scores Billy Guzman to second
|
Batting: RHB Trevor Mock
|
0-0: Ball 1-0: Swinging Strike 1-1: Foul Ball, location: 2F 1-2: Ball 2-2: Fielders Choice at 2nd, 5-4 (Groundball, 56, EV 86.2 MPH) Billy Guzman to third
|
Batting: LHB Zack Berney
|
0-0: Ball 1-0: Ball 2-0: Called Strike 2-1: Foul Ball, location: 2F 2-2: SINGLE (Groundball, 6MS, EV 74.4 MPH) (infield hit) Billy Guzman scores Trevor Mock to second
|
Batting: LHB David Moore
|
0-0: Called Strike 0-1: Ball 1-1: Ball 2-1: Foul Ball, location: 2F 2-2: Strikes out swinging
|
Top of the 1st over - 2 runs, 3 hits, 0 errors, 2 left on base; Memphis 2 - Louisville 0 |
BOTTOM OF THE 1ST |
Louisville Bats batting - Pitching for Memphis Redbirds : RHP Josh Ambrose
|
Pitching: RHP Josh Ambrose
|
|
Batting: RHB Willie Cardamone
|
0-0: Ball 1-0: Swinging Strike 1-1: Called Strike 1-2: Foul Ball, location: 2F 1-2: Foul Ball, location: 2F 1-2: Ground out 5-3 (Groundball, 56, EV 105.6 MPH)
|
Batting: SHB Greg Prime
|
0-0: Called Strike 0-1: Foul Ball, location: 2F 0-2: Ball 1-2: Strikes out swinging
|
Batting: LHB Randy Racine
|
0-0: Swinging Strike 0-1: Foul Ball, location: 2F 0-2: Ball 1-2: Strikes out swinging
|
Bottom of the 1st over - 0 runs, 0 hits, 0 errors, 0 left on base; Memphis 2 - Louisville 0 |
TOP OF THE 2ND |
Memphis Redbirds batting - Pitching for Louisville Bats : RHP Gary King
|
Batting: RHB Dan Boykins
|
0-0: Ball 1-0: Foul Ball, location: 2F 1-1: Fly out, F8 (Flyball, 78S, EV 78.1 MPH)
|
Batting: LHB Adam Eisen
|
0-0: SINGLE (Groundball, 6D, EV 94.4 MPH)
|
Batting: RHB Tommy Baird
|
0-0: Ball Adam Eisen is caught stealing 2nd base 2-4 1-0: Fly out, F7 (Flyball, 7S, EV 86.2 MPH)
|
Top of the 2nd over - 0 runs, 1 hit, 0 errors, 0 left on base; Memphis 2 - Louisville 0 |
BOTTOM OF THE 2ND |
Louisville Bats batting - Pitching for Memphis Redbirds : RHP Josh Ambrose
|
Batting: RHB Bruno André
|
0-0: Ball 1-0: Called Strike 1-1: Foul Ball, location: 2F 1-2: Strikes out looking
|
Batting: RHB Chase Briney
|
0-0: Ball 1-0: Called Strike 1-1: Swinging Strike 1-2: Strikes out swinging
|
Batting: LHB Jake Bill
|
0-0: Foul Ball, location: 2F 0-1: DOUBLE (Flyball, 78D, EV 102.5 MPH)
|
Batting: LHB Satoru Handa
|
0-0: Ball 1-0: Ground out U3 (Groundball, 3, EV 98.8 MPH)
|
Bottom of the 2nd over - 0 runs, 1 hit, 0 errors, 1 left on base; Memphis 2 - Louisville 0 |
TOP OF THE 3RD |
Memphis Redbirds batting - Pitching for Louisville Bats : RHP Gary King
|
Batting: RHB Danny Gallo
|
0-0: Foul Ball, location: 2F 0-1: Ball 1-1: Called Strike 1-2: Strikes out swinging
|
Batting: LHB Billy Guzman
|
0-0: Foul Ball, location: 2F 0-1: Ball 1-1: Foul Ball, location: 2F 1-2: Foul Ball, location: 2F 1-2: Ball 2-2: Ball 3-2: Base on Balls
|
Batting: LHB Johan de Vries
|
0-0: Ball 1-0: Called Strike 1-1: Ball 2-1: Fielders Choice at 2nd, 4-6 (Groundball, 4, EV 92.5 MPH)
|
Batting: RHB Trevor Mock
|
0-0: Ball Johan de Vries is caught stealing 2nd base 2-4
|
Top of the 3rd over - 0 runs, 0 hits, 0 errors, 0 left on base; Memphis 2 - Louisville 0 |
BOTTOM OF THE 3RD |
Louisville Bats batting - Pitching for Memphis Redbirds : RHP Josh Ambrose
|
Batting: RHB Eric Sullivan
|
0-0: Ball 1-0: Ball 2-0: Called Strike 2-1: Foul Ball, location: 2F 2-2: Foul Ball, location: 2F 2-2: Strikes out looking
|
Batting: RHB Ryan Short
|
0-0: Called Strike 0-1: Ball 1-1: Swinging Strike 1-2: Ball 2-2: Ball 3-2: Strikes out swinging
|
Batting: RHB Willie Cardamone
|
0-0: Called Strike 0-1: Ball 1-1: Swinging Strike 1-2: Ball 2-2: Foul Ball, location: 2F 2-2: Ball 3-2: Foul Ball, location: 2F 3-2: Foul Ball, location: 2F 3-2: Strikes out swinging
|
Bottom of the 3rd over - 0 runs, 0 hits, 0 errors, 0 left on base; Memphis 2 - Louisville 0 |
TOP OF THE 4TH |
Memphis Redbirds batting - Pitching for Louisville Bats : RHP Gary King
|
Batting: RHB Trevor Mock
|
0-0: Foul Ball, location: 2F 0-1: Called Strike 0-2: Foul Ball, location: 2F 0-2: Ball 1-2: Foul Ball, location: 2F 1-2: Foul Ball, location: 2F 1-2: Strikes out swinging
|
Batting: LHB Zack Berney
|
0-0: Ball 1-0: Ground out 4-3 (Groundball, 34, EV 103.1 MPH)
|
Batting: LHB David Moore
|
0-0: Foul Ball, location: 2F 0-1: Ball 1-1: Ball 2-1: Swinging Strike 2-2: Ground out 4-3 (Groundball, 4, EV 87.5 MPH)
|
Top of the 4th over - 0 runs, 0 hits, 0 errors, 0 left on base; Memphis 2 - Louisville 0 |
BOTTOM OF THE 4TH |
Louisville Bats batting - Pitching for Memphis Redbirds : RHP Josh Ambrose
|
Batting: SHB Greg Prime
|
0-0: Called Strike 0-1: Swinging Strike 0-2: Strikes out swinging
|
Batting: LHB Randy Racine
|
0-0: Called Strike 0-1: Ball 1-1: Called Strike 1-2: Strikes out swinging
|
Batting: RHB Bruno André
|
0-0: Ball 1-0: Foul Ball, location: 2F 1-1: Ball 2-1: Swinging Strike 2-2: Ball 3-2: Base on Balls
|
Batting: RHB Chase Briney
|
0-0: Foul Ball, location: 2F 0-1: Ball 1-1: Ball 2-1: Ball 3-1: Foul Ball, location: 2F 3-2: Foul Ball, location: 2F 3-2: Ground out 6-3 (Groundball, 6, EV 87.5 MPH)
|
Bottom of the 4th over - 0 runs, 0 hits, 0 errors, 1 left on base; Memphis 2 - Louisville 0 |
TOP OF THE 5TH |
Memphis Redbirds batting - Pitching for Louisville Bats : RHP Gary King
|
Batting: RHB Dan Boykins
|
0-0: Ball 1-0: Ball 2-0: Ground out 6-3 (Groundball, 56, EV 106.9 MPH)
|
Batting: LHB Adam Eisen
|
0-0: Foul Ball, location: 2F 0-1: Ball 1-1: Fly out, F8 (Flyball, 8LM, EV 85.6 MPH)
|
Batting: RHB Tommy Baird
|
0-0: Ball 1-0: Foul Ball, location: 2F 1-1: Called Strike 1-2: Ball 2-2: Ball 3-2: Foul Ball, location: 2F 3-2: Strikes out swinging
|
Top of the 5th over - 0 runs, 0 hits, 0 errors, 0 left on base; Memphis 2 - Louisville 0 |
BOTTOM OF THE 5TH |
Louisville Bats batting - Pitching for Memphis Redbirds : RHP Josh Ambrose
|
Batting: LHB Jake Bill
|
0-0: Called Strike 0-1: Ball 1-1: Ball 2-1: Ball 3-1: Foul Ball, location: 2F 3-2: Strikes out looking
|
Batting: LHB Satoru Handa
|
0-0: Ball 1-0: Ball 2-0: Ball 3-0: Base on Balls
|
Batting: RHB Eric Sullivan
|
0-0: Ball 1-0: Called Strike 1-1: Ball 2-1: Ball 3-1: Foul Ball, location: 2F 3-2: Strikes out looking
|
Batting: RHB Ryan Short
|
0-0: Ball 1-0: Fly out, F9 (Flyball, 89D, EV 104.4 MPH)
|
Bottom of the 5th over - 0 runs, 0 hits, 0 errors, 1 left on base; Memphis 2 - Louisville 0 |
TOP OF THE 6TH |
Memphis Redbirds batting - Pitching for Louisville Bats : RHP Gary King
|
Batting: RHB Danny Gallo
|
0-0: Called Strike 0-1: Called Strike 0-2: Strikes out looking
|
Batting: LHB Billy Guzman
|
0-0: Fly out, F8 (Flyball, 8LD, EV 83.8 MPH)
|
Batting: LHB Johan de Vries
|
0-0: Called Strike 0-1: Fly out, F8 (Flyball, 8RD, EV 101.9 MPH)
|
Top of the 6th over - 0 runs, 0 hits, 0 errors, 0 left on base; Memphis 2 - Louisville 0 |
BOTTOM OF THE 6TH |
Louisville Bats batting - Pitching for Memphis Redbirds : RHP Josh Ambrose
|
Batting: RHB Willie Cardamone
|
0-0: Foul Ball, location: 2F 0-1: Ball 1-1: Fly out, F9 (Flyball, 9LD, EV 100.0 MPH)
|
Batting: SHB Greg Prime
|
0-0: Foul Ball, location: 2F 0-1: SINGLE (Line Drive, 6M, EV 95.0 MPH)
|
Batting: LHB Randy Racine
|
0-0: Grounds into double play, 6-4-3 (Groundball, 6, EV 91.9 MPH)
|
Bottom of the 6th over - 0 runs, 1 hit, 0 errors, 0 left on base; Memphis 2 - Louisville 0 |
TOP OF THE 7TH |
Memphis Redbirds batting - Pitching for Louisville Bats : RHP Gary King
|
Batting: RHB Trevor Mock
|
0-0: Ground out 6-3 (Groundball, 6D, EV 86.2 MPH)
|
Batting: LHB Zack Berney
|
0-0: Ball 1-0: Foul Ball, location: 2F 1-1: Swinging Strike 1-2: Ball 2-2: Foul Ball, location: 2F 2-2: Foul Ball, location: 2F 2-2: Strikes out swinging
|
Batting: LHB David Moore
|
0-0: Foul Ball, location: 2F 0-1: Ball 1-1: Called Strike 1-2: Strikes out swinging
|
Top of the 7th over - 0 runs, 0 hits, 0 errors, 0 left on base; Memphis 2 - Louisville 0 |
BOTTOM OF THE 7TH |
Louisville Bats batting - Pitching for Memphis Redbirds : RHP Josh Ambrose
|
Batting: RHB Bruno André
|
0-0: Foul Ball, location: 2F 0-1: Ball 1-1: Foul Ball, location: 2F 1-2: Foul Ball, location: 2F 1-2: Ball 2-2: SINGLE (Groundball, 4MS, EV 68.8 MPH) (infield hit)
|
Batting: RHB Chase Briney
|
0-0: Swinging Strike 0-1: Ball 1-1: Ball 2-1: Called Strike 2-2: Ball 3-2: Strikes out looking
|
Batting: LHB Jake Bill
|
0-0: Ground out 4-3 (Groundball, 34, EV 79.4 MPH) Bruno André to second
|
Batting: LHB Satoru Handa
|
0-0: Foul Ball, location: 2F 0-1: Called Strike 0-2: Foul Ball, location: 2F 0-2: Ground out 4-3 (Groundball, 4, EV 91.9 MPH)
|
Bottom of the 7th over - 0 runs, 1 hit, 0 errors, 1 left on base; Memphis 2 - Louisville 0 |
TOP OF THE 8TH |
Memphis Redbirds batting - Pitching for Louisville Bats : RHP Gary King
|
Batting: RHB Dan Boykins
|
0-0: Called Strike 0-1: Swinging Strike 0-2: SINGLE (Groundball, 56D, EV 95.0 MPH)
|
Batting: LHB Adam Eisen
|
0-0: Bunted foul 0-1: Bunted foul 0-2: Ball 1-2: DOUBLE (Line Drive, 89D, EV 100.6 MPH) Dan Boykins to third Runner from 3rd tries for Home, SAFE, no throw by CF
|
Pitching: RHP Tim Beck
|
|
Batting: RHB Tommy Baird
|
0-0: Called Strike 0-1: Ground out U3 (Groundball, 13, EV 91.2 MPH) Adam Eisen to third
|
Batting: RHB Danny Gallo
|
0-0: Ball 1-0: Ball 2-0: Foul Ball, location: 2F 2-1: 2-RUN HOME RUN (Flyball, 89XD, EV 108.1 MPH), Distance : 397 ft
|
Batting: LHB Billy Guzman
|
0-0: Called Strike 0-1: Ball 1-1: Ball 2-1: Ground out 3-1 (Groundball, 34S, EV 83.8 MPH)
|
Batting: LHB Johan de Vries
|
0-0: SOLO HOME RUN (Flyball, 89XD, EV 110.6 MPH), Distance : 396 ft
|
Batting: RHB Trevor Mock
|
0-0: SINGLE (Line Drive, 6M, EV 97.5 MPH)
|
Batting: LHB Zack Berney
|
0-0: Called Strike 0-1: Foul Ball, location: 2F 0-2: Ball 1-2: Foul Ball, location: 2F 1-2: Ball Trevor Mock steals 2nd base 2-2: Strikes out looking
|
Top of the 8th over - 4 runs, 5 hits, 0 errors, 1 left on base; Memphis 6 - Louisville 0 |
BOTTOM OF THE 8TH |
Louisville Bats batting - Pitching for Memphis Redbirds : RHP Josh Ambrose
|
Pitching: RHP Branden Maynard
|
|
Batting: RHB Eric Sullivan
|
0-0: Fly out, F3 (Popup, 3SF, EV 81.2 MPH)
|
Batting: RHB Ryan Short
|
0-0: Called Strike 0-1: Ball 1-1: Ball 2-1: Called Strike 2-2: Foul Ball, location: 2F 2-2: Ground out 6-3 (Groundball, 6, EV 82.5 MPH)
|
Batting: RHB Willie Cardamone
|
0-0: Called Strike 0-1: Foul Ball, location: 2F 0-2: Ball 1-2: Ball 2-2: Ball 3-2: Base on Balls
|
Batting: SHB Greg Prime
|
0-0: Ball 1-0: Ball 2-0: Called Strike 2-1: Swinging Strike 2-2: Foul Ball, location: 2F 2-2: Strikes out swinging
|
Bottom of the 8th over - 0 runs, 0 hits, 0 errors, 1 left on base; Memphis 6 - Louisville 0 |
TOP OF THE 9TH |
Memphis Redbirds batting - Pitching for Louisville Bats : RHP Tim Beck
|
Pitching: RHP Robbie Delgado
|
|
Batting: LHB David Moore
|
0-0: Called Strike 0-1: Hit by Pitch
|
Batting: RHB Dan Boykins
|
0-0: Called Strike 0-1: Swinging Strike 0-2: Ball 1-2: Strikes out swinging
|
Batting: LHB Adam Eisen
|
0-0: Ball 1-0: Called Strike 1-1: Foul Ball, location: 2F 1-2: Ball 2-2: Foul Ball, location: 2F 2-2: Strikes out swinging
|
Batting: RHB Tommy Baird
|
0-0: Ball 1-0: Ball 2-0: Called Strike 2-1: Reached on error, E5 (Groundball, 5, EV 104.4 MPH) David Moore to second
|
Batting: RHB Danny Gallo
|
0-0: Ball 1-0: Foul Ball, location: 2F 1-1: Foul Ball, location: 2F 1-2: Ball 2-2: Foul Ball, location: 2F 2-2: Foul Ball, location: 2F 2-2: Ball 3-2: Ground out 6-3 (Groundball, 56, EV 100.6 MPH)
|
Top of the 9th over - 0 runs, 0 hits, 1 error, 2 left on base; Memphis 6 - Louisville 0 |
BOTTOM OF THE 9TH |
Louisville Bats batting - Pitching for Memphis Redbirds : RHP Branden Maynard
|
Batting: LHB Randy Racine
|
0-0: Called Strike 0-1: Ball 1-1: Ground out 4-3 (Groundball, 4, EV 82.5 MPH)
|
Batting: RHB Bruno André
|
0-0: Swinging Strike 0-1: Ball 1-1: Foul Ball, location: 2F 1-2: Ground out 5-3 (Groundball, 56, EV 101.2 MPH)
|
Batting: RHB Chase Briney
|
0-0: DOUBLE (Line Drive, 9LD, EV 100.0 MPH)
|
Batting: LHB Jake Bill
|
0-0: Ball 1-0: Ball 2-0: Foul Ball, location: 2F 2-1: Ball 3-1: Foul Ball, location: 2F 3-2: Base on Balls
|
Batting: LHB Satoru Handa
|
0-0: Called Strike 0-1: Swinging Strike 0-2: Strikes out swinging
|
Bottom of the 9th over - 0 runs, 1 hit, 0 errors, 2 left on base; Memphis 6 - Louisville 0 |
|